Map: Lerilak Crest

Players

LilDicky - Winner!

  • Race: Terran Terran
  • League: Diamond

VeNoM

  • Race: Protoss Protoss
  • League: Diamond

VOD

http://www.twitch.tv/tumescentpie

Description

Time

  • Played on: Dec. 24, 2015, 8:20 p.m.
  • Length: 8:05
Show
View Real Time Build Order
Export as new Build Order

LilDicky Terran - Winner!

Build Orders: MMM Bio 

Get SALT Encoding   

  12  0:02  SCV  
  13  0:15  SCV  
  13  0:17  Supply Depot  
  14  0:27  SCV  
  15  0:30  Refinery  
  15  0:39  SCV  
  16  0:47  Barracks  
  16  0:52  SCV  
  17  1:04  SCV  
  18  1:20  SCV  
  19  1:32  SCV  
  20  1:36  Marine  
  20  1:39  Supply Depot  
  21  1:46  Factory  
  22  1:51  Orbital Command  
  21  1:58  Marine  
  22  2:05  Barracks  
  22  2:07  Barracks  
  22  2:16  Barracks Reactor  
  22  2:19  Refinery  
  22  2:20  SCV  
  23  2:33  Supply Depot  
  23  2:42  SCV  
  24  2:55  Barracks Tech Lab x2  
  24  3:01  Starport  
  24  3:03  Marine x2  
  24  3:04  SCV  
  27  3:16  SCV, Stimpack  
  27  3:18  Marine x2  
  29  3:21  Marine  
  29  3:22  Combat Shields  
  30  3:29  Supply Depot  
  30  3:36  Marine x2  
  30  3:37  SCV  
  33  3:43  Medivac  
  33  3:46  Marine  
  33  3:48  Marine  
  37  3:56  Marine, Marauder  
  40  4:02  Supply Depot  
  40  4:06  Marine  
  41  4:13  Marauder  
  41  4:14  Marine  
  44  4:27  Marauder, Marine  
  44  4:29  SCV  
  48  4:32  Marine  
  48  4:33  Medivac  
  48  4:34  Marine  
  52  4:40  Widow Mine  
  54  4:46  Supply Depot  
  54  4:47  Marine  
  55  4:59  Concussive Shells  
  55  5:07  SCV, Marauder, Marine  
  56  5:23  Marine x2  
  56  5:25  Marauder  
  60  5:28  Marine  
  60  5:30  SCV  
  62  5:40  Supply Depot  
  62  5:41  Marine  
  63  5:43  Marine, Widow Mine  
  63  5:46  Marine  
  63  5:47  Marauder  
  69  5:58  Marine  
  69  6:01  Marine  
  67  6:04  Marauder  
  63  6:16  Marine x2  
  63  6:18  SCV, Marine  
  65  6:26  Marauder  
  65  6:31  Widow Mine  
  69  6:37  Medivac  
  69  6:39  Marine x3  
  74  6:47  Marauder  
  74  6:49  Supply Depot  
  76  6:57  Marine  
  76  6:58  Marauder  
  60  7:09  Marauder  
  54  7:19  Marine  
  54  7:20  Marine  
  41  7:35  Orbital Command  
Show
View Real Time Build Order
Export as new Build Order

VeNoM Protoss 

Build Orders:  

Get SALT Encoding   

  12  0:01  Probe (Chrono Boost)  
  13  0:13  Pylon  
  13  0:17  Probe (Chrono Boost)  
  14  0:28  Probe (Chrono Boost)  
  15  0:37  Gateway  
  15  0:39  Probe (Chrono Boost)  
  17  0:50  Probe (Chrono Boost)  
  17  0:52  Assimilator  
  17  0:56  Assimilator  
  17  1:00  Probe (Chrono Boost)  
  18  1:07  Pylon  
  18  1:12  Probe (Chrono Boost)  
  19  1:22  Probe (Chrono Boost)  
  20  1:33  Probe (Chrono Boost)  
  21  1:47  Cybernetics Core  
  21  2:00  Nexus  
  21  2:06  Probe (Chrono Boost)  
  22  2:16  Pylon  
  24  2:23  Mothership Core (Chrono Boost)  
  24  2:25  Warp Gate  
  24  2:32  Stalker  
  26  2:48  Robotics Facility  
  26  2:55  Gateway  
  26  3:05  Stalker, Probe (Chrono Boost)  
  29  3:17  Probe (Chrono Boost)  
  29  3:19  Pylon  
  30  3:22  Gateway  
  30  3:42  Probe (Chrono Boost)  
  30  3:43  Probe (Chrono Boost)  
  32  3:51  Observer (Chrono Boost)  
  32  3:52  Probe (Chrono Boost), Pylon  
  32  3:53  Probe (Chrono Boost)  
  35  3:57  Forge  
  35  4:00  Twilight Council  
  35  4:03  Probe  
  36  4:28  Warp Prism (Chrono Boost)  
  36  4:29  Gateway  
  38  4:32  Gateway  
  38  4:38  Adept x2  
  42  4:46  Adept  
  42  4:48  Probe  
  42  4:50  Protoss Ground Weapons Level 1  
  42  4:51  Resonating Glaives  
  42  4:52  Probe  
  42  5:23  Adept x3  
  48  5:30  Adept x2  
  50  5:45  Adept x2  
  54  5:54  Pylon  
  54  5:55  Pylon  
  54  5:57  Pylon  
  54  6:04  Adept x3  
  36  6:30  Adept x2  
  36  6:37  Mothership Core  
  37  6:47  Adept  
  37  6:51  Adept  
  41  7:12  Adept x3  
  27  7:44  Zealot  
Tags
 
Add a new tag
Caveats
  • Supply blocks, unpowered buildings, or Contaminate may cause inaccurate times.
  • Supply counts are checked every 10 seconds.